 Dungeon Crawl Stone Soup version 0.30.0-29-ga12c61a403 (webtiles) character file.

Game seed: 5356958456093076498

60 cdecastro the Chopper (level 4, -5/39 HPs)
             Began as a Hill Orc Fighter on June 3, 2023.
             Killed by divine providence
             ... invoked by an orc priest
              (16 damage)
             ... on level 3 of the Dungeon on June 5, 2023.
             The game lasted 00:03:37 (1546 turns).

cdecastro the Chopper (Hill Orc Fighter)            Turns: 1546, Time: 00:03:37

Health: -5/39      AC:  7    Str: 20    XL:     4   Next: 4%
Magic:  4/4        EV: 10    Int:  8    God:
Gold:   124        SH:  4    Dex: 10    Spells: 3/3 levels left

rFire   + . .        a - +0 war axe
rCold   . . .        c - +0 buckler
rNeg    . . .        r - +2 ring mail {rF+}
rPois   .            (no helmet)
rElec   .            (no cloak)
rCorr   .            (no gloves)
SInv    .            (no boots)
Will    .....        (no amulet) Stlth
                     (no ring)
HPRegen 0.26/turn    (no ring)
MPRegen 0.09/turn

%: no passive effects
@: no status effects
A: no striking features
a: Convert to Beogh


You were on level 3 of the Dungeon.
You visited 1 branch of the dungeon, and saw 3 of its levels.

You collected 124 gold pieces.

Inventory:

Hand Weapons
 a - a +0 war axe (weapon)
Missiles
 i - 6 boomerangs (quivered)
Armour
 b - a +0 scale mail
 c - a +0 buckler (worn)
 r - a +2 ring mail of fire resistance (worn)
Jewellery
 l - a ring of see invisible
Scrolls
 f - a scroll of identify {unknown}
 g - a scroll of teleportation {unknown}
 j - a scroll of noise {unknown}
 m - a scroll of blinking {unknown}
 n - 2 scrolls of enchant weapon {unknown}
 o - a scroll of fog {unknown}
 q - a scroll of vulnerability {unknown}
 s - a scroll of magic mapping {unknown}
Potions
 d - a potion of might
 e - a potion of mutation {unknown}
 h - 2 potions of lignification {unknown}
 k - 2 potions of curing {unknown}
 p - 3 potions of brilliance {unknown}


   Skills:
 - Level 3.6 Fighting
 + Level 5.6 Axes
 - Level 3.2 Armour
 - Level 3.2 Shields


You had 3 spell levels left.
You didn't know any spells.
Your spell library was empty.

Dungeon Overview and Level Annotations

Branches:
Dungeon (3/15)

Altars:


Message History

You block the orc priest's attack.
You closely miss the orc priest.
The orc priest is moderately wounded.
The orc priest hits you with a +0 flail.
You hit the orc priest.
The orc priest is severely wounded.
The orc priest hits you with a +0 flail.
* * * LOW HITPOINT WARNING * * *
The orc priest misses you.
You hit the orc priest but do no damage.
The orc priest is severely wounded.
You block the orc priest's attack.
You completely miss the orc priest.
The orc priest is severely wounded.
The orc priest shouts, "Join the one true god or die!"
The orc priest casts a cantrip, but nothing happens.
You hit the orc priest but do no damage.
The orc priest is severely wounded.
The orc priest hits you with a +0 flail.
* * * LOW HITPOINT WARNING * * *
You hit the orc priest.
The orc priest shouts, "Beogh is our master!
Accept the truth or die!"
The orc priest is almost dead.
You block the orc priest's attack.
The orc priest hits you but does no damage.
You hit the orc priest but do no damage.
The orc priest is almost dead.
The orc priest closely misses you.
You hit the orc priest but do no damage.
The orc priest is almost dead.
The orc priest closely misses you.
You barely miss the orc priest.
The orc priest is almost dead.
The orc priest hits you with a +0 flail.
* * * LOW HITPOINT WARNING * * *
You barely miss the orc priest.
The orc priest is almost dead.
The orc priest mumbles some strange prayers to Beogh against you.
Beogh smites you!
You die...

......⌠.......>.#
...
#########.#.#...#
....
#.#.#...#.....
#.#.#..$..#
#.#.##)####.#
##+#.#.......#
#..).#$)####.#
#....#.......#
#.o..##@####.#
..o...#o####.#
..###........#
#####.#.######
.###....
......#...
#...###.... #...
#..... #..
#.....#


You could see an orc priest.

Vanquished Creatures
  An adder (D:2)
  2 dart slugs
  3 orcs (D:3)
  4 endoplasms
  3 hobgoblins
  6 jackals
  2 quokkas (D:1)
  3 ball pythons
  2 bats
  A frilled lizard (D:1)
  3 goblins
  6 kobolds
  4 rats
40 creatures vanquished.

Notes
Turn   | Place    | Note
-------+----------+-------------------------------------------
     0 | D:1      | cdecastro the Hill Orc Fighter began the quest for the Orb.
     0 | D:1      | Reached XP level 1. HP: 19/19 MP: 1/1
    16 | D:1      | Reached skill level 3 in Axes
    84 | D:1      | Reached XP level 2. HP: 26/26 MP: 2/2
   115 | D:1      | Reached skill level 4 in Axes
   727 | D:2      | Reached XP level 3. HP: 31/31 MP: 3/3
  1013 | D:2      | Reached skill level 5 in Axes
  1492 | D:3      | Found a faded altar of an unknown god.
  1529 | D:3      | Reached XP level 4. HP: 39/39 MP: 4/4
  1546 | D:3      | Killed from afar by an orc priest

Illustrated notes

Levels and vault maps discovered:
D:1:      minmay_arrival_radiant_lines, layout_basic, serial_bayou_lagoon_b
D:2:      layout_basic, serial_bayou, serial_bayou_lagoon_a,
          serial_bayou_pond_d, serial_bayou_shore_b, serial_bayou_shore_b,
          chequers_serial_rivers_room_b
D:3:      layout_basic, cheibrodos_ashenzari_chains, tgw_kikubaaqudgha,
          ebering_ecumenical_altar_abandoned, grunt_decor_junction

Skill      XL: |  1  2  3 |
---------------+----------+-----
Axes           | 3 4 5 |  5.6
Fighting       | |  3.6
Armour         | |  3.2
Shields        | |  3.2

Action                     |  1- 3 |  4- 6 || total
---------------------------+-------+-------++-------
  Melee: War axe           |    95 |    18 ||   113
 Armour: Scale mail        |    24 |       ||    24
         Ring mail         |    14 |     2 ||    16
  Dodge: Dodged            |    53 |     5 ||    58
  Block: Buckler           |    24 |     4 ||    28
